General information
- name: BNet
- type: Ladder team game (AT/RT)
- host: Battle.net
- saver: Ze.Rath3isaFaig
map: MarketSquare
- players: 8
- length: 27:36
- speed: Fast
- version: 1.23 W3XP
- replay type: Public
» download(218 KB)
Players
team 1 (winner)
Ze.Rath3isaFaig (
orange | 83 APM | 2297 actions | 27:36)
9 Priestess of the Moon
3 Trueshot Aura
2 Scout
3 Searing Arrows
1 Starfall
» actions
| Assign group hotkey | 28 | |
| Basic commands | 523 | |
| Build / train | 87 | |
| Enter build submenu | 16 | |
| Enter hero's abilities submenu | 9 | |
| Remove unit from queue | 5 | |
| Right click | 771 | |
| Select / deselect | 487 | |
| Select group hotkey | 308 | |
| Use ability | 63 | |
2297 total
» units
| Wisp | 13 | |
| Huntress | 7 | |
| Druid of the Talon | -2 | |
| Dryad | 12 | |
| Hippogryph | 19 | |
| Chimaera | 6 | |
55 total
» upgrades
| Strength of the Wild | 3 | |
| Reinforced Hides | 2 | |
| Abolish Magic | 1 | |
6 total
» buildings
| Altar of Elders | 1 | |
| Moon Well | 7 | |
| Hunter's Hall | 1 | |
| Ancient of War | 2 | |
| Tree of Ages | 1 | |
| Tree of Eternity | 2 | |
| Ancient of Wind | 1 | |
| Ancient of Lore | 1 | |
| Chimaera Roost | 2 | |
| Ancient of Wonders | 1 | |
19 total
» build order
00:38 Altar of Elders
00:41 Moon Well
02:00 Hunter's Hall
02:03 Ancient of War
02:11 Ancient of War
02:27 Moon Well
03:07 Moon Well
05:21 Tree of Ages
07:42 Tree of Eternity
07:43 Tree of Eternity
07:46 Ancient of Wind
07:48 Ancient of Lore
10:09 Chimaera Roost
10:52 Moon Well
10:55 Chimaera Roost
11:20 Ancient of Wonders
11:47 Moon Well
11:59 Moon Well
13:05 Moon Well
» items
| Scroll of Town Portal | 2 | |
| Scroll of Speed | 1 | |
3 total

»
SonOfHeaven (
purple | 47 APM | 1303 actions | 27:35)
9 Blademaster
3 Wind Walk
3 Critical Strike
1 Bladestorm
2 Mirror Image
» actions
| Basic commands | 63 | |
| Build / train | 57 | |
| Enter build submenu | 15 | |
| Enter hero's abilities submenu | 10 | |
| Right click | 591 | |
| Select / deselect | 466 | |
| Use ability | 101 | |
1303 total
» units
| Peon | 7 | |
| Grunt | 9 | |
| Spirit Walker | 6 | |
| Tauren | 9 | |
31 total
» upgrades
| Melee Weapons | 3 | |
| Armor | 3 | |
| Shaman Training | 1 | |
| Spirit Walker Training | 2 | |
| Pulverize | 1 | |
| Reinforced Defenses | 1 | |
11 total
» buildings
| Altar of Storms | 1 | |
| Orc Burrow | 7 | |
| Barracks | 1 | |
| Voodoo Lounge | 1 | |
| Stronghold | 2 | |
| War Mill | 1 | |
| Fortress | 1 | |
| Spirit Lodge | 1 | |
| Tauren Totem | 2 | |
17 total
» build order
00:21 Altar of Storms
00:37 Orc Burrow
00:54 Barracks
01:43 Orc Burrow
02:05 Voodoo Lounge
02:45 Orc Burrow
03:50 Orc Burrow
04:34 Stronghold
04:34 Stronghold
04:56 War Mill
07:10 Fortress
07:14 Spirit Lodge
08:55 Orc Burrow
10:06 Tauren Totem
10:11 Tauren Totem
13:51 Orc Burrow
22:28 Orc Burrow
» items
| Orb of Lightning | 1 | |
| Scroll of Town Portal | 1 | |
2 total
MrSandmansDream (
yellow | 37 APM | 1020 actions | 27:35)
6 Death Knight
3 Death Coil
2 Unholy Aura
1 Animate Dead
4 Lich
2 Frost Nova
2 Frost Armor
» actions
| Assign group hotkey | 21 | |
| Basic commands | 35 | |
| Build / train | 62 | |
| Enter build submenu | 13 | |
| Enter hero's abilities submenu | 10 | |
| Right click | 522 | |
| Select / deselect | 281 | |
| Select group hotkey | 32 | |
| Use ability | 44 | |
1020 total
» units
| Acolyte | 4 | |
| Ghoul | 4 | |
| Crypt Fiend | 23 | |
| Frost Wyrm | 3 | |
34 total
» upgrades
| Creature Attack | 3 | |
| Web | 1 | |
| Creature Carapace | 3 | |
| Freezing Breath | 1 | |
8 total
» buildings
| Ziggurat | 5 | |
| Graveyard | 1 | |
| Crypt | 2 | |
| Altar of Darkness | 1 | |
| Tomb of Relics | 1 | |
| Halls of the Dead | 1 | |
| Sacrificial Pit | 1 | |
| Black Citadel | 1 | |
| Boneyard | 1 | |
| Spirit Tower | 3 | |
17 total
» build order
00:10 Ziggurat
00:15 Graveyard
00:25 Crypt
00:51 Altar of Darkness
01:32 Ziggurat
01:39 Tomb of Relics
03:21 Ziggurat
04:37 Halls of the Dead
05:47 Ziggurat
08:11 Sacrificial Pit
08:20 Ziggurat
09:18 Black Citadel
11:34 Crypt
11:44 Boneyard
12:58 Spirit Tower
16:15 Spirit Tower
16:36 Spirit Tower
» items
| Rod of Necromancy | 1 | |
| Dust of Appearance | 2 | |
3 total
CANT_FIND_GAMES (
teal | 72 APM | 1997 actions | 27:35)
10 Blademaster
3 Critical Strike
3 Wind Walk
1 Bladestorm
3 Mirror Image
» actions
| Assign group hotkey | 22 | |
| Basic commands | 68 | |
| Build / train | 55 | |
| ESC pressed | 5 | |
| Enter build submenu | 35 | |
| Enter hero's abilities submenu | 11 | |
| Give item / drop item | 3 | |
| Right click | 870 | |
| Select / deselect | 242 | |
| Select group hotkey | 480 | |
| Use ability | 206 | |
1997 total
» units
» upgrades
| Reinforced Defenses | 1 | |
| Shaman Training | 2 | |
| Armor | 1 | |
4 total
» buildings
| Altar of Storms | 1 | |
| Orc Burrow | 18 | |
| Voodoo Lounge | 1 | |
| Barracks | 1 | |
| Stronghold | 1 | |
| Fortress | 1 | |
| Spirit Lodge | 3 | |
| War Mill | 1 | |
| Great Hall | 2 | |
| Watch Tower | 5 | |
34 total
» build order
00:07 Altar of Storms
00:19 Orc Burrow
01:05 Voodoo Lounge
01:29 Barracks
01:39 Orc Burrow
03:17 Stronghold
03:53 Orc Burrow
05:41 Fortress
07:02 Spirit Lodge
07:02 Spirit Lodge
07:06 Spirit Lodge
08:07 Orc Burrow
08:08 Orc Burrow
08:10 War Mill
10:28 Orc Burrow
10:28 Orc Burrow
10:29 Orc Burrow
10:59 Orc Burrow
11:49 Orc Burrow
13:19 Orc Burrow
13:19 Orc Burrow
14:16 Orc Burrow
23:01 Great Hall
23:07 Watch Tower
23:45 Watch Tower
23:46 Watch Tower
24:35 Orc Burrow
24:36 Orc Burrow
24:49 Watch Tower
24:51 Watch Tower
25:06 Great Hall
27:09 Orc Burrow
27:11 Orc Burrow
27:11 Orc Burrow
» items
| Healing Salve | 1 | |
| Lesser Clarity Potion | 1 | |
| Boots of Speed | 1 | |
| Circlet of Nobility | 1 | |
| Orb of Corruption | 1 | |
| Dust of Appearance | 1 | |
| Scroll of Town Portal | 1 | |
| Staff of Teleportation | 1 | |
8 total
team 2 (loser)
CanYouSmokeThis (
red | 73 APM | 1999 actions | 27:12)
7 Blademaster
3 Wind Walk
3 Critical Strike
1 Bladestorm
» actions
| Assign group hotkey | 26 | |
| Basic commands | 67 | |
| Build / train | 68 | |
| Enter build submenu | 24 | |
| Enter hero's abilities submenu | 7 | |
| Give item / drop item | 1 | |
| Right click | 1022 | |
| Select / deselect | 287 | |
| Select group hotkey | 425 | |
| Use ability | 72 | |
1999 total
» units
» upgrades
| Armor | 3 | |
| Ranged Weapons | 3 | |
| Envenomed Spears | 1 | |
| Reinforced Defenses | 1 | |
8 total
» buildings
| Altar of Storms | 1 | |
| Orc Burrow | 6 | |
| War Mill | 1 | |
| Stronghold | 2 | |
| Voodoo Lounge | 1 | |
| Watch Tower | 8 | |
| Beastiary | 3 | |
| Fortress | 1 | |
| Great Hall | 1 | |
24 total
» build order
00:06 Altar of Storms
00:15 Orc Burrow
00:50 War Mill
02:03 Stronghold
02:03 Stronghold
02:13 Voodoo Lounge
02:23 Orc Burrow
03:07 Orc Burrow
03:38 Watch Tower
03:42 Watch Tower
04:25 Beastiary
04:31 Beastiary
04:49 Orc Burrow
08:25 Fortress
08:59 Watch Tower
09:01 Watch Tower
10:12 Watch Tower
11:53 Beastiary
16:49 Orc Burrow
16:51 Great Hall
20:05 Watch Tower
20:08 Watch Tower
21:14 Orc Burrow
21:18 Watch Tower
» items
| Healing Salve | 2 | |
| Orb of Lightning | 1 | |
| Scroll of Town Portal | 2 | |
5 total
KinDBuD-PuFF (
green | 87 APM | 1762 actions | 20:08)
5 Death Knight
3 Death Coil
2 Unholy Aura
5 Lich
3 Frost Nova
2 Frost Armor
4 Crypt Lord
2 Impale
2 Spiked Carapace
» actions
| Assign group hotkey | 19 | |
| Basic commands | 41 | |
| Build / train | 85 | |
| ESC pressed | 2 | |
| Enter build submenu | 21 | |
| Enter hero's abilities submenu | 15 | |
| Give item / drop item | 4 | |
| Right click | 771 | |
| Select / deselect | 355 | |
| Select group hotkey | 327 | |
| Use ability | 122 | |
1762 total
» units
| Acolyte | 15 | |
| Ghoul | 3 | |
| Crypt Fiend | 9 | |
| Frost Wyrm | 3 | |
30 total
» upgrades
| Web | 1 | |
| Creature Attack | 3 | |
| Creature Carapace | 3 | |
| Freezing Breath | 1 | |
8 total
» buildings
| Graveyard | 1 | |
| Crypt | 1 | |
| Altar of Darkness | 1 | |
| Ziggurat | 7 | |
| Tomb of Relics | 1 | |
| Nerubian Tower | 1 | |
| Halls of the Dead | 3 | |
| Black Citadel | 1 | |
| Sacrificial Pit | 1 | |
| Boneyard | 2 | |
| Spirit Tower | 5 | |
24 total
» build order
01:01 Graveyard
01:04 Crypt
01:06 Altar of Darkness
01:10 Ziggurat
01:15 Tomb of Relics
02:07 Nerubian Tower
02:26 Ziggurat
04:03 Halls of the Dead
04:03 Halls of the Dead
04:03 Halls of the Dead
05:11 Ziggurat
05:15 Ziggurat
06:49 Black Citadel
06:56 Sacrificial Pit
09:57 Boneyard
10:01 Boneyard
12:00 Ziggurat
12:02 Ziggurat
12:11 Ziggurat
18:07 Spirit Tower
19:23 Spirit Tower
19:24 Spirit Tower
19:24 Spirit Tower
» items
| Rod of Necromancy | 3 | |
| Potion of Healing | 1 | |
| Potion of Lesser Invulnerability | 1 | |
| Orb of Corruption | 1 | |
| Scroll of Town Portal | 2 | |
8 total
thatbk423 (
blue | 50 APM | 1364 actions | 27:18)
6 Death Knight
3 Death Coil
2 Unholy Aura
1 Animate Dead
3 Dark Ranger
2 Silence
1 Life Drain
» actions
| Assign group hotkey | 32 | |
| Basic commands | 167 | |
| Build / train | 58 | |
| ESC pressed | 8 | |
| Enter build submenu | 14 | |
| Enter hero's abilities submenu | 9 | |
| Give item / drop item | 1 | |
| Right click | 345 | |
| Select / deselect | 242 | |
| Select group hotkey | 395 | |
| Use ability | 93 | |
1364 total
» units
| Acolyte | 4 | |
| Ghoul | 3 | |
| Crypt Fiend | 14 | |
| Obsidian Statue | 9 | |
30 total
» upgrades
| Web | 1 | |
| Destroyer Form | 1 | |
| Creature Attack | 1 | |
| Creature Carapace | 1 | |
4 total
» buildings
| Altar of Darkness | 1 | |
| Ziggurat | 6 | |
| Crypt | 1 | |
| Graveyard | 1 | |
| Nerubian Tower | 1 | |
| Halls of the Dead | 1 | |
| Black Citadel | 1 | |
| Sacrificial Pit | 1 | |
| Tomb of Relics | 1 | |
| Slaughterhouse | 2 | |
| Spirit Tower | 2 | |
18 total
» build order
00:14 Altar of Darkness
00:17 Ziggurat
00:39 Crypt
01:03 Graveyard
01:20 Ziggurat
02:12 Nerubian Tower
03:03 Halls of the Dead
04:17 Ziggurat
05:26 Black Citadel
05:33 Sacrificial Pit
06:53 Ziggurat
06:55 Ziggurat
07:27 Tomb of Relics
08:31 Slaughterhouse
08:35 Slaughterhouse
10:58 Ziggurat
12:19 Spirit Tower
15:19 Spirit Tower
» items
| Rod of Necromancy | 1 | |
| Orb of Corruption | 1 | |
| Scroll of Town Portal | 3 | |
| Dust of Appearance | 1 | |
| Potion of Healing | 2 | |
8 total
noobAnal (
pink | 66 APM | 1824 actions | 27:34)
6 Mountain King
3 Storm Bolt
2 Bash
1 Avatar
5 Paladin
3 Holy Light
2 Divine Shield
» actions
| Assign group hotkey | 33 | |
| Basic commands | 14 | |
| Build / train | 95 | |
| Enter build submenu | 25 | |
| Enter hero's abilities submenu | 12 | |
| Give item / drop item | 4 | |
| Right click | 646 | |
| Select / deselect | 377 | |
| Select group hotkey | 531 | |
| Use ability | 87 | |
1824 total
» units
| Peasant | 33 | |
| Footman | 7 | |
| Knight | 6 | |
| Frost Wyrm | 1 | |
| Spell Breaker | 5 | |
52 total
» upgrades
| Defend | 1 | |
| Masonry | 3 | |
| Plating | 1 | |
| Animal War Training | 1 | |
| Magic Sentry | 1 | |
| Swords | 1 | |
8 total
» buildings
| Altar of Kings | 1 | |
| Barracks | 3 | |
| Farm | 7 | |
| Lumber Mill | 1 | |
| Town Hall | 2 | |
| Scout Tower | 7 | |
| Arcane Vault | 1 | |
| Keep | 1 | |
| Guard Tower | 5 | |
| Blacksmith | 1 | |
| Castle | 1 | |
| Arcane Tower | 1 | |
| Arcane Sanctum | 1 | |
32 total
» build order
00:20 Altar of Kings
00:39 Barracks
00:53 Farm
01:08 Farm
01:24 Lumber Mill
01:58 Farm
02:26 Barracks
02:44 Farm
03:25 Farm
04:19 Town Hall
04:26 Scout Tower
04:38 Arcane Vault
05:25 Keep
05:27 Guard Tower
06:31 Scout Tower
06:56 Scout Tower
06:59 Guard Tower
07:01 Scout Tower
07:28 Guard Tower
07:30 Guard Tower
07:34 Scout Tower
08:00 Blacksmith
08:04 Barracks
08:08 Guard Tower
09:14 Castle
09:33 Scout Tower
09:37 Scout Tower
12:15 Arcane Tower
13:43 Arcane Sanctum
16:52 Farm
19:18 Town Hall
25:00 Farm
» items
| Scroll of Regeneration | 2 | |
| Mechanical Critter | 2 | |
| Potion of Healing | 6 | |
| Potion of Mana | 1 | |
| Scroll of Town Portal | 1 | |
| Staff of Sanctuary | 1 | |
| Orb of Fire | 1 | |
14 total
Chat log
(00:06 / Allies) Ze.Rath3isaFaig: middle asap then hit
(00:11 / Allies) SonOfHeaven: careful guys blue is a godlike player
(00:13 / Allies) Ze.Rath3isaFaig: canyousmokethis = tower tech
(00:26 / Allies) Ze.Rath3isaFaig: he can't carry canyousmokethis
(00:29 / All) CANT_FIND_GAMES: IVÉ BEEN LOOKING FOR A DRIVER WHO'S KOALA FEZ
(00:32 / Allies) Ze.Rath3isaFaig: canyousmokethis is the biggest retard of all time
(00:39 / All) CANT_FIND_GAMES: SO I CAN THINK THAT YOURE THE ONE STANDING TO MY RAP
(00:42 / Allies) SonOfHeaven: how about smokeablunt.co
(00:43 / All) CANT_FIND_GAMES: IM A FALCON SUPER SONIC SPIN MACHINE
(00:46 / All) noobAnal: shut up
(00:47 / All) CANT_FIND_GAMES: HEAVEN SORROW
(00:51 / All) CANT_FIND_GAMES: SPEAR
(00:55 / All) CANT_FIND_GAMES: AND KINGSTON LEE
(00:56 / Allies) Ze.Rath3isaFaig: smokeablunt.com is pretty good, he's my friend
(01:02 / Allies) Ze.Rath3isaFaig: potm hunts for the rush
(01:05 / Allies) Ze.Rath3isaFaig: chims dryad later
(01:09 / Allies) SonOfHeaven: i fucking hate kodo_fosaken
(01:16 / All) CANT_FIND_GAMES: IM DRUNK
(01:17 / Allies) MrSandmansDream: that kids a fag
(01:18 / Allies) MrSandmansDream: and overrated
(01:21 / All) noobAnal: and stupid
(01:23 / All) CANT_FIND_GAMES: BUT IM GONNNA RAPUI YOY
(01:25 / All) KinDBuD-PuFF: in portugal i was a cardiologist
(01:32 / Allies) SonOfHeaven: he bsed the whole team just to let his friend win
(01:42 / All) CANT_FIND_GAMES: BOU A WII
(01:45 / All) CANT_FIND_GAMES: SHHHH!!!!!
(01:45 / All) CANT_FIND_GAMES: WOOC
(01:47 / All) CANT_FIND_GAMES: WOOD
(01:52 / Allies) Ze.Rath3isaFaig: he's done that to me before lol
(01:54 / All) CANT_FIND_GAMES: MYT ANGEL'S READY TO EXPLODE
(01:55 / All) CANT_FIND_GAMES: EXPLODE
(01:56 / All) CANT_FIND_GAMES: EXPLODE
(01:59 / Allies) SonOfHeaven: always
(02:02 / All) CANT_FIND_GAMES: SO STARMIE EVER WATCH ME GO GO GOAL
(02:06 / All) KinDBuD-PuFF: hot damn i never rode in a convertible before
(02:06 / All) CANT_FIND_GAMES: CAN YOU HANDLE THE PURSE?
(02:07 / All) CANT_FIND_GAMES: CAN
(02:09 / All) CANT_FIND_GAMES: HERO READY
(02:17 / All) MrSandmansDream: bro u need to handle ur drink... seriously
(02:18 / All) CANT_FIND_GAMES: CRY PEN DRIVE
(02:26 / All) CANT_FIND_GAMES: CRY PEN DRIVE
(02:36 / All) KinDBuD-PuFF: i only get drunk on days that end with Y
(02:40 / Allies) SonOfHeaven: whats wrong with teal
(02:47 / All) CANT_FIND_GAMES: VAY VAY VAY VAY VAY VAY VAY
(02:47 / Allies) MrSandmansDream: he says he drunk
(02:49 / Allies) Ze.Rath3isaFaig: don't worry about him, he's still creeping and raping
(02:54 / All) CANT_FIND_GAMES: SO YOU CANT HEAR ME VERMIN NO NONO
(02:55 / Allies) Ze.Rath3isaFaig: middle after green creeps
(02:58 / Allies) SonOfHeaven: how can u be drunk online?
(03:01 / Allies) Ze.Rath3isaFaig: let teal pick up the power items
(03:04 / All) KinDBuD-PuFF: im falling in to a deep well
(03:10 / All) CANT_FIND_GAMES: GOT A RACKET THAT SMOOTHER THAN A LIMUSINE
(03:25 / All) CANT_FIND_GAMES: cRY ME A PEN DRIVE
(03:36 / All) KinDBuD-PuFF: amateur
(03:40 / All) CANT_FIND_GAMES: I GOT CLASS LIKE A VICTOR SAINT CADILLAC
(04:01 / Allies) SonOfHeaven: i think hes writing lyrics from a song
(04:15 / Allies) Ze.Rath3isaFaig: he's typing
(04:20 / Allies) Ze.Rath3isaFaig: and at level 2 while you're still at level 1 lol
(04:30 / All) CANT_FIND_GAMES: IM DRUNMK
(04:32 / All) CANT_FIND_GAMES: BUT IM GONNA RAPE YOU
(04:34 / All) CANT_FIND_GAMES: I SWARE
(04:35 / All) KinDBuD-PuFF: im zonked
(04:35 / All) CANT_FIND_GAMES: TO GOD
(04:36 / Allies) Ze.Rath3isaFaig: middle now
(04:37 / All) CANT_FIND_GAMES: COZ I DONT BELIEVE IN GOD
(04:47 / All) KinDBuD-PuFF: i ate 6 hits of LSD tonight and im handling myself better
(04:47 / All) CANT_FIND_GAMES: BUT
(04:48 / All) KinDBuD-PuFF: amateur
(04:50 / All) CANT_FIND_GAMES: CRY ME A PEN DRIVE
(05:07 / All) CANT_FIND_GAMES: BUT HAVE U SCKED 7 COCKS?
(05:12 / Allies) Ze.Rath3isaFaig: lmao
(05:12 / All) CANT_FIND_GAMES: I MEAN
(05:13 / All) KinDBuD-PuFF: its possible
(05:13 / All) CANT_FIND_GAMES: I LOVE COCKS
(05:20 / All) CANT_FIND_GAMES: DOTN STELA MU EXPERIENMCE NIGGER
(05:27 / Allies) Ze.Rath3isaFaig: middel
(05:34 / Allies) Ze.Rath3isaFaig: yellow
(05:38 / Allies) Ze.Rath3isaFaig: we need web asap
(05:43 / Allies) SonOfHeaven: they saw
(05:53 / All) CANT_FIND_GAMES: KILL TJE KOMG
(05:56 / All) CANT_FIND_GAMES: STRIKE HIM DOOOOOOWN
(06:08 / Allies) SonOfHeaven: dk
(06:21 / All) CANT_FIND_GAMES: DEAD
(06:22 / All) CANT_FIND_GAMES: sCREM FOR ME
(06:26 / All) CANT_FIND_GAMES: YEAH
(06:26 / All) Ze.Rath3isaFaig: rofl
(06:28 / All) CANT_FIND_GAMES: tHATS THE SPIRIT
(06:34 / All) CANT_FIND_GAMES: SCREMA LIKE A JEW IN THE OVEN
(06:47 / Allies) Ze.Rath3isaFaig: hit after this
(07:02 / Allies) MrSandmansDream: web researching
(07:12 / Allies) Ze.Rath3isaFaig: lets hit
(07:16 / Allies) Ze.Rath3isaFaig: healing
(07:37 / All) CANT_FIND_GAMES: BLUE
(07:40 / All) CANT_FIND_GAMES: YOUR DK IS LEVEL 1
(07:41 / All) CANT_FIND_GAMES: HOWE PATHETHIC
(07:44 / All) CANT_FIND_GAMES: wE HAVE 4 LEVEL 4 HEROES
(07:47 / All) CANT_FIND_GAMES: sHAEM ON YOU
(07:54 / All) CANT_FIND_GAMES: aND OU DIED TO A DRUNK MAN
(07:55 / All) CANT_FIND_GAMES: fAGGOT
(07:58 / All) CANT_FIND_GAMES: GO SUCK A DICK RIGHT NOW
(07:58 / All) CANT_FIND_GAMES: CUNT
(07:59 / All) Ze.Rath3isaFaig: lol what is this
(08:10 / Allies) Ze.Rath3isaFaig: go take it
(08:11 / Allies) Ze.Rath3isaFaig: coming
(08:17 / Allies) SonOfHeaven: they all have early expo
(08:19 / All) CANT_FIND_GAMES: shoot me towers
(08:21 / Allies) Ze.Rath3isaFaig: go yellow
(08:23 / All) CANT_FIND_GAMES: d i dnt fear you
(08:30 / All) Ze.Rath3isaFaig: TP
(08:31 / All) Ze.Rath3isaFaig: NOW
(08:33 / All) Ze.Rath3isaFaig: TP NOW
(08:40 / All) CANT_FIND_GAMES: we otder you to tp niggers
(08:43 / All) CANT_FIND_GAMES: OBEY US
(08:45 / All) CANT_FIND_GAMES: RIGHT NOW
(08:56 / Allies) Ze.Rath3isaFaig: MK
(09:00 / Allies) Ze.Rath3isaFaig: wind walk
(09:01 / All) CANT_FIND_GAMES: DEAD
(09:02 / All) CANT_FIND_GAMES: NMIGGER
(09:04 / All) Ze.Rath3isaFaig: rofl
(09:08 / All) CANT_FIND_GAMES: THEY ALL SCREMA
(09:10 / All) CANT_FIND_GAMES: LIKE JEWS IN THE OVEN
(09:13 / Allies) SonOfHeaven: pally
(09:13 / All) CANT_FIND_GAMES: SO EASY
(09:16 / All) CANT_FIND_GAMES: IM USING ONLY A HERO
(09:18 / All) CANT_FIND_GAMES: WTF
(09:27 / Allies) MrSandmansDream: tp?
(09:30 / Allies) CANT_FIND_GAMES: NO
(09:38 / Allies) Ze.Rath3isaFaig: go hit now
(10:13 / All) CANT_FIND_GAMES: `HEY RED
(10:14 / All) CANT_FIND_GAMES: NOW WHAT
(10:39 / Allies) Ze.Rath3isaFaig: i'm out
(10:54 / Allies) CANT_FIND_GAMES: WOOD
(10:55 / Allies) CANT_FIND_GAMES: NOW
(11:08 / Allies) CANT_FIND_GAMES: WOOD NOW
(11:12 / Allies) Ze.Rath3isaFaig: give him wood
(11:13 / Allies) Ze.Rath3isaFaig: i got none
(11:28 / Allies) MrSandmansDream: well there goes the aa...
(11:39 / Allies) Ze.Rath3isaFaig: jus tmass up and get frost we're ifne
(11:42 / Allies) Ze.Rath3isaFaig: i got mass hyps coming
(12:50 / Allies) Ze.Rath3isaFaig: meet
(12:52 / Allies) Ze.Rath3isaFaig: you got lust teal?
(13:45 / Allies) Ze.Rath3isaFaig: lets hti
(14:07 / Allies) Ze.Rath3isaFaig: need to hit the untowered base
(14:21 / Allies) Ze.Rath3isaFaig: bring please
(14:24 / Allies) Ze.Rath3isaFaig: lust and it's game over
(14:34 / Allies) CANT_FIND_GAMES: WHERE TO
(14:36 / Allies) MrSandmansDream: doesnt have lust
(14:49 / Allies) Ze.Rath3isaFaig: take this out first
(14:51 / Allies) SonOfHeaven: they expected us
(15:00 / Allies) Ze.Rath3isaFaig: bring please
(15:08 / Allies) Ze.Rath3isaFaig: lol
(15:10 / Allies) Ze.Rath3isaFaig: tp?
(15:12 / Allies) Ze.Rath3isaFaig: tp then coutner?
(15:17 / Allies) Ze.Rath3isaFaig: go tp NOW
(15:20 / Allies) Ze.Rath3isaFaig: wow teal
(15:21 / Allies) Ze.Rath3isaFaig: get back
(16:10 / Allies) Ze.Rath3isaFaig: go we have to hit now
(16:16 / Allies) Ze.Rath3isaFaig: web
(16:32 / Allies) Ze.Rath3isaFaig: lets hit now
(16:44 / Allies) Ze.Rath3isaFaig: froc a tp
(16:55 / Allies) Ze.Rath3isaFaig: teal come pelase
(17:01 / All) CANT_FIND_GAMES: DEAD NIGGER
(17:10 / All) CANT_FIND_GAMES: I KILLED A LEVEL 6 NGGER BM
(17:13 / All) CANT_FIND_GAMES: aND IM DRUNK
(17:14 / All) CANT_FIND_GAMES: FAGGOT
(17:20 / Allies) Ze.Rath3isaFaig: all come
(17:31 / Allies) Ze.Rath3isaFaig: we hit here now
(17:32 / Allies) Ze.Rath3isaFaig: YELOW
(17:36 / Allies) Ze.Rath3isaFaig: come the fuck here
(17:41 / Allies) Ze.Rath3isaFaig: no blood lust?
(17:52 / Allies) Ze.Rath3isaFaig: gogog
(18:09 / Allies) Ze.Rath3isaFaig: fight
(18:20 / Allies) Ze.Rath3isaFaig: lust us up abay
(18:27 / Allies) SonOfHeaven: wyrms
(18:31 / Allies) Ze.Rath3isaFaig: fight purle
(18:32 / Allies) Ze.Rath3isaFaig: use you rbm damnit
(19:54 / All) Ze.Rath3isaFaig: level 9 bm
(19:58 / All) Ze.Rath3isaFaig: his level is over 9,000
(20:05 / All) CANT_FIND_GAMES: THIS IS THE CONCEPT OF RAPE
(20:08 / All) CANT_FIND_GAMES: BY A DRUNK MAN
(20:09 / All) CANT_FIND_GAMES: NIGGRES
(20:18 / All) CANT_FIND_GAMES: AND I DIDNT EVEN USE MY BLADESTORM
(20:19 / All) CANT_FIND_GAMES: FAGGOTS
(20:25 / Allies) Ze.Rath3isaFaig: lumber please
(20:34 / Allies) Ze.Rath3isaFaig: ty
(20:52 / Allies) Ze.Rath3isaFaig: anyone got gold?
(21:06 / All) CANT_FIND_GAMES: I JUST BURPED
(21:21 / Allies) Ze.Rath3isaFaig: meet
(21:25 / Allies) Ze.Rath3isaFaig: rofl
(21:27 / Allies) Ze.Rath3isaFaig: this kid never leanrs
(21:41 / All) CANT_FIND_GAMES: I SO DURUNK THAT I USED BLADESTORM AND THE FOUNTAINS
(21:44 / Allies) Ze.Rath3isaFaig: careufl yellow
(22:45 / Allies) Ze.Rath3isaFaig: todl you to stay back
(22:47 / Allies) Ze.Rath3isaFaig: yellow
(22:56 / Allies) MrSandmansDream: from what?
(22:59 / Allies) Ze.Rath3isaFaig: red lol
(23:06 / Allies) MrSandmansDream: i took out his army
(23:06 / Allies) MrSandmansDream: w/e
(23:18 / Allies) Ze.Rath3isaFaig: go i use brid
(23:32 / All) SonOfHeaven: dont mess with the tauren plz
(24:09 / All) Ze.Rath3isaFaig: rofl
(24:09 / All) SonOfHeaven: see
(24:10 / All) CANT_FIND_GAMES: PURGE
(24:10 / All) SonOfHeaven: told u
(24:11 / All) MrSandmansDream: bummer
(24:12 / All) CANT_FIND_GAMES: IGGE
(24:13 / All) Ze.Rath3isaFaig: you've got to be the stupidest
(24:13 / All) CANT_FIND_GAMES: NIGGER
(24:14 / All) SonOfHeaven: stop messing with the tauren
(24:15 / All) SonOfHeaven: god damnit
(24:19 / All) Ze.Rath3isaFaig: person I've ever seen on azeroth
(24:39 / Allies) Ze.Rath3isaFaig: and purple
(24:42 / Allies) Ze.Rath3isaFaig: you said blue is hella good?
(24:48 / Allies) Ze.Rath3isaFaig: he's the 2nd worsed player ont ehir team
(24:49 / Allies) SonOfHeaven: i expected
(25:50 / All) CANT_FIND_GAMES: HEY RED
(25:51 / All) CANT_FIND_GAMES: KEEP DEAD
(25:52 / All) CANT_FIND_GAMES: tHX
(25:53 / All) CANT_FIND_GAMES: NIGGER
(25:58 / All) CANT_FIND_GAMES: NO HERO FOR JOO
(25:59 / Allies) Ze.Rath3isaFaig: gogog
(26:00 / All) CANT_FIND_GAMES: COCKSUCKER
(26:12 / Allies) Ze.Rath3isaFaig: walk in damnit
(26:15 / All) CANT_FIND_GAMES: LE
(26:17 / All) CANT_FIND_GAMES: LEVEL 10 NIGGER
(26:19 / All) CANT_FIND_GAMES: GG NO RE
(27:13 / Allies) MrSandmansDream: BALLS
(27:23 / All) Ze.Rath3isaFaig: youre funny pink
(27:31 / Allies) SonOfHeaven: b
(27:31 / All) Ze.Rath3isaFaig: you try so hard at the end
(27:32 / All) noobAnal: gg pussy noobs